 Seeded DCSS version 0.30-a0-368-g86fb4627a9 (webtiles) character file.

Game seed: 4866231847754521613 (custom seed)

118 purpskrrrp the Skirmisher (level 4, 0/27 HPs)
             Began as a Deep Elf Hunter on Nov 18, 2022.
             Slain by an orc
             ... wielding a +0 flail
              (8 damage)
             ... on level 3 of the Dungeon.
             The game lasted 00:04:22 (2180 turns).

purpskrrrp the Skirmisher (Deep Elf Hunter)         Turns: 2180, Time: 00:04:23

Health: 0/27       AC:  3    Str:  5 (8)  XL:     4   Next: 72%
Magic:  2/2        EV: 12    Int: 13 (14) God:
Gold:   154        SH:  0    Dex: 19 (20) Spells: 3/3 levels left

rFire   x . .      SeeInvis +    s - +3 arbalest (antimagic)
rCold   + . .      Faith    .    (shield currently unavailable)
rNeg    . . .      Spirit   .    c - +0 leather armour
rPois   .          Reflect  .    (helmet restricted)
rElec   .          Harm     .    (no cloak)
rCorr   .          Rampage  .    (no gloves)
Will    .....                    (no boots)
Stlth   +.........               (no amulet)
HPRegen 0.24/turn                j - ring of ice
MPRegen 0.08/turn                k - ring of see invisible

@: confused, studying Ranged Weapons, unable to drink
A: antennae 1, robust 1, inability to drink after injury 1
a: no special abilities


You were on level 3 of the Dungeon.
You visited 1 branch of the dungeon, and saw 3 of its levels.

You collected 154 gold pieces.

Inventory:

Hand Weapons
 a - a +0 shortbow
 s - a +3 antimagic arbalest (weapon)
Armour
 c - a +0 leather armour (worn)
Jewellery
 j - a ring of ice (left hand)
 k - a ring of see invisible (right hand)
Wands
 q - a wand of flame (15)
Scrolls
 b - a scroll of immolation
 f - a scroll of enchant armour {unknown}
 g - 3 scrolls of teleportation {unknown}
 h - 4 scrolls of identify {unknown}
 i - 2 scrolls of magic mapping {unknown}
 n - a scroll of poison {unknown}
 o - a scroll of noise {unknown}
Potions
 d - 2 potions of mutation
 e - a potion of degeneration
 l - 2 potions of lignification
 p - a potion of attraction {unknown}
 r - a potion of curing {unknown}


   Skills:
 - Level 1.5 Fighting
 + Level 8.4 Ranged Weapons
 - Level 2.4 Dodging
 - Level 1.2 Stealth


You had 3 spell levels left.
You didn't know any spells.
Your spell library was empty.

Dungeon Overview and Level Annotations

Branches:
Dungeon (3/15)

Altars:


Innate Abilities, Weirdness & Mutations

You have a pair of small antennae on your head.
You are robust. (+10% HP)
You occasionally lose the ability to drink potions when taking damage.


Message History

The orc wizard hits you with a +0 dagger.
Fire: s) +3 arbalest (antimagic)
Press: ? - help, Q - select action, (/) - cycle Shift-Dir - straight line, f/p - orc wizard
Aim: an orc wizard, wielding a +0 dagger and wearing a +1 robe of fire resistance (58% to hit)
You shoot a bolt. The orc shouts!
The bolt hits the orc wizard.
The orc wizard's magic leaks into the air.
The orc wizard is moderately wounded.
The orc wizard's magic is no longer disrupted.
The orc wizard gestures at you while chanting.
You resist with some effort. The orc closely misses you.
Fire: s) +3 arbalest (antimagic)
Press: ? - help, Q - select action, (/) - cycle Shift-Dir - straight line, f/p - orc wizard
Aim: an orc wizard, wielding a +0 dagger and wearing a +1 robe of fire resistance (moderately wounded, 58% to hit)
You shoot a bolt. The bolt barely misses the orc wizard.
The orc completely misses you.
The orc wizard points at you and mumbles some strange words.
You are confused.
The orc wizard barely misses you. The orc hits you with a +0 flail.
Non-targeted confused fire: s) +3 arbalest (antimagic)
Press: ? - help, Q - select action, (/) - cycle Dir - look around, f - activate You shoot a bolt.
The orc barely misses you.
The orc wizard hits you with a +0 dagger.
You bump into the rock wall.
The orc hits you but does no damage.
The orc wizard hits you with a +0 dagger.
You clumsily bash the orc wizard but do no damage.
The orc wizard is moderately wounded.
The orc hits you with a +0 flail!
The orc wizard hits you with a +0 dagger. x2
The orc barely misses you.
You bump into the rock wall.
The orc wizard closely misses you. The orc barely misses you.
You bump into the rock wall.
The orc wizard hits you with a +0 dagger.
* * * LOW HITPOINT WARNING * * *
The orc hits you with a +0 flail!
You feel threatened and lose the ability to drink potions!
You die...

#.# #######..# #.#
#....##..# #.#
#....##..##
#.###########..##8.†8##
#...........#..†......+
#############..#..##..#
####### ##..#### ###
......# #....#
†####.##########@o..#
.# #.(.......##o#### .#
###########.oo..o... .#
#.....o... .#
#####..##. .# #.######
.# ####### #.##..# .#
#.....# #.##.## .#
#.###.# #.##.#


You could see an orc wizard and 3 orcs.

Vanquished Creatures
  An iguana (D:2)
  3 adders
  2 dart slugs (D:1)
  2 orcs (D:3)
  7 endoplasms
  A giant cockroach (D:3)
  4 goblins
  6 hobgoblins
  4 jackals (D:1)
  5 kobolds
  2 quokkas
  3 ball pythons
  9 bats
  A frilled lizard (D:1)
  7 rats
57 creatures vanquished.

Notes
Turn   | Place    | Note
-------+----------+-------------------------------------------
     0 | D:1      | purpskrrrp the Deep Elf Hunter began the quest for the Orb.
     0 | D:1      | Reached XP level 1. HP: 12/12 MP: 3/3
   144 | D:1      | Reached XP level 2. HP: 16/16 MP: 4/4
   148 | D:1      | Reached skill level 6 in Ranged Weapons
   363 | D:1      | Reached XP level 3. HP: 17/20 MP: 5/5
   831 | D:2      | Reached skill level 7 in Ranged Weapons
   880 | D:2      | Reached XP level 4. HP: 20/25 MP: 6/6
  1598 | D:3      | Found a faded altar of an unknown god.
  1817 | D:3      | Gained mutation: You have a pair of small antennae on your
                  | head. [potion of mutation]
  1817 | D:3      | Gained mutation: You occasionally lose the ability to drink
                  | potions when taking damage. [potion of mutation]
  1817 | D:3      | Gained mutation: You are robust. (+10% HP) [potion of
                  | mutation]
  1818 | D:3      | HP: 2/40 [poisoned by an adder]
  2128 | D:3      | Identified 2 scrolls of acquirement
  2128 | D:3      | Acquired a +3 antimagic arbalest
  2130 | D:3      | Acquired a manual of Ranged Weapons
  2150 | D:3      | Reached skill level 8 in Ranged Weapons
  2180 | D:3      | Slain by an orc

Illustrated notes

Levels and vault maps discovered:
D:1:      dpeg_arrival_arbitrary_c, layout_basic
D:2:      layout_loops_ring, kennysheep_minor_cross
D:3:      minmay_chambers_of_twos, layout_loops_ring, overflow_temple_1_default,
          ebering_ecumenical_altar_petrified

Skill      XL: |  1  2  3  4 |
---------------+-------------+-----
Ranged Weapons | 6 7 8 |  8.4
Fighting       | |  1.5
Dodging        | |  2.4
Stealth        | |  1.2

Action                   |  1- 3 |  4- 6 || total
-------------------------+-------+-------++-------
Melee: Arbalest          |       |     1 ||     1
 Fire: Shortbow          |   107 |    40 ||   147
       Arbalest          |       |    17 ||    17
  Use: Potion            |       |     3 ||     3
       Scroll            |       |     2 ||     2
Armor: Leather armour    |    24 |    10 ||    34
       Skin              |       |     2 ||     2
Dodge: Dodged            |    43 |    24 ||    67

Table legend: (Time is in decaauts)
 A = Elapsed time spent in this place.
 B = Non-inter-level travel time spent in this place.
 C = Inter-level travel time spent in this place.
 D = Time resting spent in this place.
 E = Time spent auto-exploring this place.
 F = Levels seen in this place.
 G = Mean time per level.
                   A        B        C        D        E       F      G
               +--------+--------+--------+--------+--------+-----+--------+
         Total |   2222 |   2095 |    127 |     45 |   1646 |   3 |  740.7 |
       Dungeon |   2222 |   2095 |    127 |     45 |   1646 |   3 |  740.7 |
               +--------+--------+--------+--------+--------+-----+--------+

Top non-repeatable levels by time:
     D:1: 815 daAuts
     D:2: 805 daAuts
     D:3: 601 daAuts
